 Dungeon Crawl Stone Soup version 0.32-a0-433-g08bcfe7efd (webtiles) character file.

Game seed: 4966555329117063664

30 jasper the Shooter (level 3, 26/26 HPs)
             Began as a Coglin Hexslinger on Feb 22, 2024.
             Was a Follower of Lugonu.
             Quit the game on level 2 of the Dungeon.
             The game lasted 00:02:07 (1105 turns).

jasper the Shooter (Coglin Hexslinger)              Turns: 1105, Time: 00:02:07

Health: 26/26      AC:  5    Str:  8    XL:     3   Next: 18%
Magic:  4/4        EV: 10    Int: 12    God:    Lugonu [*.....]
Gold:   109        SH:  0    Dex: 18    Spells: 4/4 levels left

rFire   . . .        a - +1 sling {Bianca}
rCold   . . .        (no shield)
rNeg    . . .        e - +0 ring mail
rPois   .            (no helmet)
rElec   .            (no cloak)
rCorr   .            (no gloves)
SInv    .            (no boots)
Will    .....        (no amulet)
Stlth   +            (no ring)
HPRegen 0.24/turn    (no ring)
MPRegen 0.09/turn

%: no passive effects
@: immotile, revved
A: off-hand wielding, slow wielding, warmup strikes, legs shutdown
a: Renounce Religion, Depart the Abyss


You were on level 2 of the Dungeon.
You worshipped Lugonu.
Lugonu was aware of your devotion.
You visited 1 branch of the dungeon, and saw 2 of its levels.

You collected 109 gold pieces.

Inventory:

Hand Weapons
 a - a +1 sling (weapon) {Bianca}
Armour
 c - a +0 robe
 e - a +0 ring mail (worn)
Jewellery
 i - an amulet of faith
Scrolls
 b - a scroll of poison
 d - a scroll of teleportation {unknown}
 g - a scroll of vulnerability {unknown}
Potions
 f - a potion of resistance {unknown}
 h - a potion of haste {unknown}
 j - a potion of berserk rage {unknown}
 k - a potion of lignification {unknown}


   Skills:
 - Level 1.0 Fighting
 + Level 3.2 Ranged Weapons
 - Level 1.7 Dodging
 - Level 1.0 Spellcasting
 - Level 2.6 Hexes
 - Level 0.8 Fire Magic


You had 4 spell levels left.
You didn't know any spells.
Your spell library contained the following spells:

 Spells                   Type           Power      Damage    Failure   Level
 Jinxbite                 Hex            14%        N/A       43%         2
 Sigil of Binding         Hex            7%         N/A       67%         3
 Inner Flame              Hex/Fire       4%         N/A       80%         3
 Cause Fear               Hex            3%         N/A       97%         4
 Dimensional Bullseye     Hex/Tloc       1%         N/A       99%         4


Dungeon Overview and Level Annotations

Branches:
Dungeon (2/15)

Altars:
Lugonu


Innate Abilities, Weirdness & Mutations

You can wield a second weapon in your off-hand.
It takes a long time for you to wield or remove held weapons.
Your first few attacks do less damage.
Attacking and casting redirects power from your legs.


Message History

The ball python hisses angrily.
A ball python is nearby!
Fire: a) +1 sling {Bianca}
Press: ? - help, Q - select action, (/) - cycle Shift-Dir - straight line, f - ball python
Aim: a ball python (57% to hit)
You shoot a sling bullet. The sling bullet hits the ball python.
The ball python is severely wounded.
The ball python closely misses you. The ball python grabs you.
The ball python constricts you.
You take 1 damage, and have 25/26 hp.
Number of times to repeat, then command key: You must enter the number of times for the command to repeat.
Fire: a) +1 sling {Bianca}
Press: ? - help, Q - select action, (/) - cycle Shift-Dir - straight line, f/p - ball python
Aim: a ball python (severely wounded, constricting you, 57% to hit)
You shoot a sling bullet.
The sling bullet closely misses the ball python.
The ball python bites you but does no damage.
The ball python constricts you. The ball python barely misses you.
The ball python constricts you.
You take 1 damage, and have 24/26 hp.
Fire: a) +1 sling {Bianca}
Press: ? - help, Q - select action, (/) - cycle Shift-Dir - straight line, f/p - ball python
Aim: a ball python (severely wounded, constricting you, 57% to hit)
You shoot a sling bullet. The sling bullet hits the ball python.
You kill the ball python!
Lugonu accepts your kill.
A bat comes into view.
A bat is nearby!
Fire: a) +1 sling {Bianca}
Press: ? - help, Q - select action, (/) - cycle Shift-Dir - straight line, f - bat
Aim: a bat (wandering, hasn't noticed you, 46% to hit)
You shoot a sling bullet. The sling bullet barely misses the bat.
Health restored: 26 Fire: a) +1 sling {Bianca}
Press: ? - help, Q - select action, (/) - cycle Shift-Dir - straight line, f/p - bat
Aim: a bat (46% to hit)
You shoot a sling bullet. The sling bullet misses the bat.
The bat misses you.
Are you sure you want to abandon this character and quit the game? (Confirm with "yes".)

# ##########.. ###
............. ..#
.#########...###.###
...###### #........#
#........##........#
#.#####............#####
#.#...# #.....†........
#....## #@## ###.## #.b#
#.# #######.### # #.###
#..)......# # #..<#
#.......#......
#######+###.......##.....
##..............### .....
##.###†.........# ....
##.# #..........# ...


You could see a bat.

Vanquished Creatures
  An adder (D:2)
  2 bats
  4 endoplasms
  4 giant cockroaches
  2 goblins (D:2)
  A hobgoblin (D:1)
  A kobold (D:1)
  A ball python (D:2)
  A frilled lizard (D:1)
17 creatures vanquished.

Notes
Turn   | Place    | Note
-------+----------+-------------------------------------------
     0 | D:1      | jasper the Coglin Hexslinger began the quest for the Orb.
     0 | D:1      | Reached XP level 1. HP: 15/15 MP: 2/2
    63 | D:1      | Reached skill level 2 in Ranged Weapons
   151 | D:1      | Found a faded altar of an unknown god.
   172 | D:1      | Prayed at the altar of an unknown god.
   172 | D:1      | Became a worshipper of Lugonu the Unformed
   172 | D:1      | Reached * piety under Lugonu
   470 | D:1      | Reached XP level 2. HP: 18/21 MP: 3/3
  1051 | D:2      | Reached skill level 3 in Ranged Weapons
  1051 | D:2      | Reached XP level 3. HP: 22/26 MP: 4/4
  1105 | D:2      | Quit the game

Illustrated notes

Levels and vault maps discovered:
D:1:      dpeg_arrival_signposts, layout_basic,
          hellmonk_ecumenical_altar_pennies_from_heaven,
          hangedman_decor_slide_cut
D:2:      layout_basic, uniq_sigmund

Skill      XL: |  1  2 |
---------------+-------+-----
Ranged Weapons | 2 3 |  3.2
Fighting       | |  1.0
Dodging        | |  1.7
Spellcasting   | |  1.0
Hexes          | |  2.6
Fire Magic     | |  0.8

Action                     || total
---------------------------++-------
   Fire: Sling             ||    47
 Armour: Ring mail         ||     8
  Dodge: Dodged            ||    10

Table legend: (Time is in decaauts)
 A = Elapsed time spent in this place.
 B = Non-inter-level travel time spent in this place.
 C = Inter-level travel time spent in this place.
 D = Time resting spent in this place.
 E = Time spent auto-exploring this place.
 F = Levels seen in this place.
 G = Mean time per level.
                   A        B        C        D        E       F      G
               +--------+--------+--------+--------+--------+-----+--------+
         Total |   1125 |   1074 |     51 |      0 |    942 |   2 |  562.5 |
       Dungeon |   1125 |   1074 |     51 |      0 |    942 |   2 |  562.5 |
               +--------+--------+--------+--------+--------+-----+--------+

Top non-repeatable levels by time:
     D:1: 964 daAuts
     D:2: 161 daAuts
